 Seeded DCSS version 0.30.1-11-g7821555f0a (webtiles) character file.

Game seed: 3677821746841223284 (custom seed)

9 Psyclone the Conjurer (level 2, 15/15 HPs)
             Began as a Deep Elf Conjurer on Nov 7, 2023.
             Was an Initiate of Gozag.
             Quit the game on level 1 of the Dungeon.
             The game lasted 00:01:43 (181 turns).

Psyclone the Conjurer (Deep Elf Conjurer)            Turns: 181, Time: 00:01:44

Health: 15/15      AC:  4    Str:  4    XL:     2   Next: 6%
Magic:  4/8        EV: 12    Int: 22    God:    Gozag
Gold:   240        SH:  0    Dex: 13    Spells: 6/7 levels left

rFire   . . .        (no weapon)
rCold   . . .        (no shield)
rNeg    . . .        a - +0 robe
rPois   .            (no helmet)
rElec   .            (no cloak)
rCorr   .            (no gloves)
SInv    .            (no boots)
Will    .....        (no amulet)
Stlth   ++           (no ring)
HPRegen 0.22/turn    (no ring)
MPRegen 0.11/turn

%: no passive effects
@: no status effects
A: iridescent scales 1, sturdy frame 1, noise suppression
a: Renounce Religion, Potion Petition, Call Merchant, Bribe Branch


You were on level 1 of the Dungeon.
You worshipped Gozag.
Gozag was aware of your devotion.
You visited 1 branch of the dungeon, and saw 1 of its levels.

You collected 1288 gold pieces.
You spent 398 gold pieces at shops.
You paid 650 gold pieces to Gozag.

Inventory:

Hand Weapons
 d - the +0 mace "Erphedubo" {freeze, Dex+4}
   (You bought it in a shop on level 1 of the Dungeon)

   Dex:       It affects your dexterity (+4).
 e - the +6 morningstar of Departure {freeze, rPois rC+ Will+}
   (You bought it in a shop on level 1 of the Dungeon)

   rC:        It protects you from cold.
   rPois:     It protects you from poison.
   Will:      It increases your willpower.
Armour
 a - a +0 robe (worn)
Potions
 b - a potion of magic
 c - a potion of attraction


   Skills:
 - Level 2.4 Dodging
 - Level 2.4 Stealth
 + Level 3.3 Spellcasting
 * Level 4.8 Conjurations


You had 6 spell levels left.
You knew the following spells:

 Your Spells              Type           Power      Damage    Failure   Level
a - Magic Dart            Conj           96%        1d7       1%          1

Your spell library contained the following spells:

 Spells                   Type           Power      Damage    Failure   Level
 Searing Ray              Conj           48%        2d6       2%          2
 Dazzling Flash           Conj/Hex       28%        N/A       14%         3
 Fulminant Prism          Conj/Hex       7%         3d7       41%         4
 Iskenderun's Mystic Bla  Conj/Tloc      14%        2d5       41%         4


Dungeon Overview and Level Annotations

Branches:
Dungeon (1/15) Zot: 5819

Altars:
Gozag

Shops:
D:1 *


Innate Abilities, Weirdness & Mutations

You are partially covered in iridescent scales. (AC +2)
Your movements are slightly less encumbered by armour. (ER -2)
You passively dampen the noise of your surroundings.


Message History

The frilled lizard hisses angrily.
The frilled lizard moves out of view.
There is a faded altar of an unknown god here.
Casting: Magic Dart (safe; 1% risk of failure)
Confirm with . or Enter, or press ? or * to list all spells.
Aiming: Magic Dart (safe; 1% risk of failure)
Press: ? - help, Shift-Dir - straight line, f - frilled lizard
Aim: a frilled lizard (100% to hit)
The magic dart hits the frilled lizard.
You kill the frilled lizard!
You now have 2/8 mp.
This altar belongs to (a) Elyvilon, (b) Ignis or (c) Gozag, but you can't tell which.
Press the corresponding letter to learn more about a god, or press enter to convert or escape to cancel.
Okay, then.
This altar belongs to (a) Elyvilon, (b) Ignis or (c) Gozag, but you can't tell which.
Press the corresponding letter to learn more about a god, or press enter to convert or escape to cancel.
Gozag accepts your prayer! Gozag welcomes you!
Gozag waives the service fee.
You have enough gold to petition Gozag for potion effects.
You have enough gold to fund merchants seeking to open stores in the dungeon. [a] 664 gold - Ohentomn's General Store [b] 650 gold - Roydieso's Assorted Antiques [c] 792 gold - Lepsusm's Antique Weapon Emporium Fund which merchant?
You no longer have enough gold to fund merchants seeking to open stores in the dungeon.
Roydieso invites you to visit her Assorted Antiques.
c - a fuming grey potion
d - the +0 mace "Erphedubo" {freeze, Dex+4} You no longer have enough gold to petition Gozag for potion effects.
e - the +6 morningstar of Departure {freeze, rPois rC+ Will+} Thank you for shopping at Roydieso's Assorted Antiques!
f - a scroll labelled HOJAN SANGUAM;
g - a scroll labelled XAOTIM FEROT Thank you for shopping at Roydieso's Assorted Antiques!
The air fills with toxic fumes!
As you read the scroll labelled HOJAN SANGUAM, it crumbles to dust.
It was a scroll of poison.
As you read the scroll labelled XAOTIM FEROT, it crumbles to dust.
It is a scroll of identify.
c - a potion of attraction Unknown command.
Unknown command.
Are you sure you want to abandon this character and quit the game? (Confirm with "yes".)

........##
.#####.#§§..#
.§§§§..#§##.#
#§§§§§.#§##.#
#§§§§§.#§##.#
.§§§§§§#§##.#
.§§§§§§#§##.#
.§§§§§§§§##§#
.§§§§§§§@§§§#
#§§§§§§§§####
#§§§§§§§§#
#§§§§§§§§#
####§§§#§#
#§#§§§#
#§##§§# #.
###


There were no monsters in sight!

Vanquished Creatures
  A dart slug (D:1)
  A goblin (D:1)
  3 jackals (D:1)
  A ball python (D:1)
  A frilled lizard (D:1)
7 creatures vanquished.

Notes
Turn   | Place    | Note
-------+----------+-------------------------------------------
     0 | D:1      | Psyclone the Deep Elf Conjurer began the quest for the Orb.
     0 | D:1      | Reached XP level 1. HP: 10/10 MP: 6/6
    21 | D:1      | Gained mutation: Your movements are slightly less
                  | encumbered by armour. (ER -2) [potion of mutation]
    21 | D:1      | Gained mutation: You passively dampen the noise of your
                  | surroundings. [potion of mutation]
    21 | D:1      | Gained mutation: You are partially covered in iridescent
                  | scales. (AC +2) [potion of mutation]
   130 | D:1      | Found a faded altar of an unknown god.
   139 | D:1      | Reached XP level 2. HP: 15/15 MP: 0/8
   162 | D:1      | Identified a scroll of acquirement
   162 | D:1      | Acquired 1271 gold pieces
   175 | D:1      | Prayed at the altar of an unknown god.
   175 | D:1      | Became a worshipper of Gozag Ym Sagoz the Greedy
   179 | D:1      | Bought a fuming grey potion for 18 gold pieces
   179 | D:1      | Bought a fine mace for 160 gold pieces
   179 | D:1      | Identified the +0 mace "Erphedubo" {freeze, Dex+4} (You
                  | bought it in a shop on level 1 of the Dungeon)
   179 | D:1      | Bought a masterwork morningstar for 180 gold pieces
   179 | D:1      | Identified the +6 morningstar of Departure {freeze, rPois
                  | rC+ Will+} (You bought it in a shop on level 1 of the
                  | Dungeon)
   179 | D:1      | Bought a scroll labelled HOJAN SANGUAM for 20 gold pieces
   179 | D:1      | Bought a scroll labelled XAOTIM FEROT for 20 gold pieces
   181 | D:1      | Quit the game

Illustrated notes

Levels and vault maps discovered:
D:1:      scummos_arrival_forest, layout_basic, basic_ecumenical_altar

Action                     || total
---------------------------++-------
   Cast: Magic Dart        ||    11
 Invoke: Call Merchant     ||     1
    Use: Potion            ||     1
         Scroll            ||     3
